TOP OF THE 1ST |
Ft. Polk South Thunder Hawks batting - Pitching for Glendale Herons : RHP Jesús López
|
Pitching: RHP Jesús López
|
|
Batting: SHB Francisco Reyes
|
0-0: Called Strike 0-1: Swinging Strike 0-2: Strikes out swinging
|
Batting: RHB Robbie Chambers
|
0-0: Called Strike 0-1: Foul Ball, location: 2F 0-2: Ball 1-2: Fly out, F7 (Flyball, 78M)
|
Batting: RHB Darrell Goldstein
|
0-0: Called Strike 0-1: Ball 1-1: Called Strike 1-2: SINGLE (Line Drive, 8LS)
|
Batting: SHB Ted Hansen
|
0-0: Called Strike 0-1: Foul Ball, location: 2F 0-2: Strikes out swinging
|
Top of the 1st over - 0 run(s), 1 hit(s), 0 error(s), 1 left on base; Ft. Polk South 0 - Glendale 0 |
BOTTOM OF THE 1ST |
Glendale Herons batting - Pitching for Ft. Polk South Thunder Hawks : RHP Fernando Peralta
|
Pitching: RHP Fernando Peralta
|
|
Batting: LHB Manny Rosário
|
0-0: Ball 1-0: Called Strike 1-1: Foul Ball, location: 2F 1-2: Ball 2-2: Foul Ball, location: 2F 2-2: Foul Ball, location: 2F 2-2: Ball 3-2: Foul Ball, location: 2F 3-2: Base on Balls
|
Batting: RHB José Villegas
|
0-0: Swinging Strike 0-1: SINGLE (Groundball, 34D) Manny Rosário to second Runner from 2nd tries for 3rd, SAFE, no throw or cutoff
|
Batting: LHB Victor Adams
|
0-0: Grounds into double play, 6-4-3 (Groundball, 6M) Manny Rosário scores
|
Batting: RHB Gilbert Graham
|
0-0: Called Strike 0-1: Called Strike 0-2: Strikes out swinging
|
Bottom of the 1st over - 1 run(s), 1 hit(s), 0 error(s), 0 left on base; Ft. Polk South 0 - Glendale 1 |
TOP OF THE 2ND |
Ft. Polk South Thunder Hawks batting - Pitching for Glendale Herons : RHP Jesús López
|
Batting: RHB Jack Peck
|
0-0: Ball 1-0: Foul Ball, location: 2F 1-1: Hit by Pitch
|
Batting: RHB Tommy Stanley
|
0-0: SINGLE (Line Drive, 6MD) Jack Peck to second
|
Batting: SHB Paul Wright
|
0-0: Called Strike 0-1: Swinging Strike 0-2: Foul Ball, location: 2F 0-2: 3-RUN HOME RUN (Flyball, 9LD), Distance : 366 ft
|
Batting: LHB José López
|
0-0: Fly out, F8 (Flyball, 78M)
|
Batting: RHB Henry Weber
|
0-0: Ball 1-0: Ball 2-0: Ball 3-0: Base on Balls
|
Batting: SHB Francisco Reyes
|
0-0: Swinging Strike 0-1: Ball 1-1: Foul Ball, location: 2F 1-2: Strikes out looking
|
Batting: RHB Robbie Chambers
|
0-0: Foul Ball, location: 2F 0-1: Ball 1-1: Ball 2-1: Called Strike 2-2: Foul Ball, location: 2F 2-2: Strikes out swinging
|
Top of the 2nd over - 3 run(s), 2 hit(s), 0 error(s), 1 left on base; Ft. Polk South 3 - Glendale 1 |
BOTTOM OF THE 2ND |
Glendale Herons batting - Pitching for Ft. Polk South Thunder Hawks : RHP Fernando Peralta
|
Batting: RHB Héctor Moreno
|
0-0: Hit by Pitch
|
Batting: RHB José Masaferro
|
0-0: Grounds into double play, 6-4-3 (Groundball, 6)
|
Batting: RHB Ángel Ruezga
|
0-0: Ball 1-0: Called Strike 1-1: Ball 2-1: Ball 3-1: Foul Ball, location: 2F 3-2: SINGLE (Line Drive, 7LS)
|
Batting: LHB Job Pels
|
0-0: Ground out U3 (Groundball, 3S)
|
Bottom of the 2nd over - 0 run(s), 1 hit(s), 0 error(s), 1 left on base; Ft. Polk South 3 - Glendale 1 |
TOP OF THE 3RD |
Ft. Polk South Thunder Hawks batting - Pitching for Glendale Herons : RHP Jesús López
|
Batting: RHB Darrell Goldstein
|
0-0: Ball 1-0: Called Strike 1-1: Called Strike 1-2: Ball 2-2: Ball 3-2: Foul Ball, location: 2F 3-2: Strikes out looking
|
Batting: SHB Ted Hansen
|
0-0: Swinging Strike 0-1: Called Strike 0-2: Strikes out looking
|
Batting: RHB Jack Peck
|
0-0: Ball 1-0: SINGLE (Groundball, 4MD)
|
Batting: RHB Tommy Stanley
|
0-0: Called Strike 0-1: Ball 1-1: Ball 2-1: Called Strike 2-2: Foul Ball, location: 2F 2-2: Ball 3-2: Foul Ball, location: 2F 3-2: Base on Balls Jack Peck to second
|
Batting: SHB Paul Wright
|
0-0: Ball 1-0: Called Strike 1-1: Ball 2-1: Foul Ball, location: 2F 2-2: Foul Ball, location: 2F 2-2: SINGLE (Line Drive, 34D) Jack Peck to third Tommy Stanley to second Runner from 3rd tries for Home, SAFE, no throw or cutoff
|
Batting: LHB José López
|
0-0: Called Strike 0-1: Ball 1-1: Ball 2-1: Foul Ball, location: 2F 2-2: Strikes out swinging
|
Top of the 3rd over - 1 run(s), 2 hit(s), 0 error(s), 2 left on base; Ft. Polk South 4 - Glendale 1 |
BOTTOM OF THE 3RD |
Glendale Herons batting - Pitching for Ft. Polk South Thunder Hawks : RHP Fernando Peralta
|
Batting: SHB Wilbert Carter
|
0-0: Foul Ball, location: 2F 0-1: Foul Ball, location: 2F 0-2: SINGLE (Line Drive, 4M)
|
Batting: LHB Manny Rosário
|
0-0: Called Strike 0-1: Foul Ball, location: 2F 0-2: Ball 1-2: Ball 2-2: Fly out, F8 (Popup, 6MD)
|
Batting: RHB José Villegas
|
0-0: Called Strike 0-1: Ball 1-1: Ball 2-1: Foul Ball, location: 2F 2-2: Strikes out looking
|
Batting: LHB Victor Adams
|
0-0: Called Strike 0-1: Ball 1-1: Called Strike 1-2: Ball 2-2: Foul Ball, location: 2F 2-2: Ball Wilbert Carter steals 2nd base 3-2: Strikes out swinging
|
Bottom of the 3rd over - 0 run(s), 1 hit(s), 0 error(s), 1 left on base; Ft. Polk South 4 - Glendale 1 |
TOP OF THE 4TH |
Ft. Polk South Thunder Hawks batting - Pitching for Glendale Herons : RHP Jesús López
|
Batting: RHB Henry Weber
|
0-0: Called Strike 0-1: Ball 1-1: Ball 2-1: Swinging Strike 2-2: Strikes out looking
|
Batting: SHB Francisco Reyes
|
0-0: Ball 1-0: Fly out, F7 (Flyball, 7M)
|
Batting: RHB Robbie Chambers
|
0-0: Called Strike 0-1: Swinging Strike 0-2: Ball 1-2: Ball 2-2: Hit by Pitch
|
Batting: RHB Darrell Goldstein
|
0-0: Ball Robbie Chambers is caught stealing 2nd base
|
Top of the 4th over - 0 run(s), 0 hit(s), 0 error(s), 0 left on base; Ft. Polk South 4 - Glendale 1 |
BOTTOM OF THE 4TH |
Glendale Herons batting - Pitching for Ft. Polk South Thunder Hawks : RHP Fernando Peralta
|
Batting: RHB Gilbert Graham
|
0-0: Fly out, F8 (Flyball, 8RS)
|
Batting: RHB Héctor Moreno
|
0-0: Called Strike 0-1: Fly out, F9 (Flyball, 9M)
|
Batting: RHB José Masaferro
|
0-0: Ball 1-0: Swinging Strike 1-1: Foul Ball, location: 2F 1-2: Foul Ball, location: 2F 1-2: Strikes out swinging
|
Bottom of the 4th over - 0 run(s), 0 hit(s), 0 error(s), 0 left on base; Ft. Polk South 4 - Glendale 1 |
TOP OF THE 5TH |
Ft. Polk South Thunder Hawks batting - Pitching for Glendale Herons : RHP Jesús López
|
Batting: RHB Darrell Goldstein
|
0-0: Ball 1-0: Ground out 6-3 (Groundball, 6M)
|
Batting: SHB Ted Hansen
|
0-0: Swinging Strike 0-1: Called Strike 0-2: Ball 1-2: Ball 2-2: Strikes out swinging
|
Batting: RHB Jack Peck
|
0-0: Fly out, F9 (Line Drive, 9S)
|
Top of the 5th over - 0 run(s), 0 hit(s), 0 error(s), 0 left on base; Ft. Polk South 4 - Glendale 1 |
BOTTOM OF THE 5TH |
Glendale Herons batting - Pitching for Ft. Polk South Thunder Hawks : RHP Fernando Peralta
|
Batting: RHB Ángel Ruezga
|
0-0: Ball 1-0: Ball 2-0: Called Strike 2-1: Ball 3-1: Called Strike 3-2: Foul Ball, location: 2F 3-2: Foul Ball, location: 2F 3-2: Foul Ball, location: 2F 3-2: Base on Balls
|
Batting: LHB Job Pels
|
0-0: Ball 1-0: Ball 2-0: Swinging Strike Error on foul ball, E9 2-2: Fielders Choice at 2nd, 4-6 (Groundball, 34)
|
Batting: SHB Wilbert Carter
|
0-0: TRIPLE (Line Drive, 89S) Job Pels scores
|
Batting: LHB Manny Rosário
|
0-0: Ball 1-0: Ball 2-0: Fly out, F5 (Popup, 5DF)
|
Batting: RHB José Villegas
|
0-0: Ball 1-0: Ball 2-0: Foul Ball, location: 2F 2-1: Ball 3-1: Base on Balls
|
Batting: LHB Victor Adams
|
0-0: Ball 1-0: Foul Ball, location: 2F 1-1: Ball 2-1: Ball 3-1: Called Strike 3-2: Foul Ball, location: 2F 3-2: Fly out, F5 (Popup, 5DF)
|
Bottom of the 5th over - 1 run(s), 1 hit(s), 1 error(s), 2 left on base; Ft. Polk South 4 - Glendale 2 |
TOP OF THE 6TH |
Ft. Polk South Thunder Hawks batting - Pitching for Glendale Herons : RHP Jesús López
|
Batting: RHB Tommy Stanley
|
0-0: Foul Ball, location: 2F 0-1: Ball 1-1: Called Strike 1-2: Foul Ball, location: 2F 1-2: Ball 2-2: Foul Ball, location: 2F 2-2: Ball 3-2: Ground out 6-3 (Groundball, 6M)
|
Batting: SHB Paul Wright
|
0-0: Called Strike 0-1: Ball Error on foul ball, E5 1-2: Ball 2-2: Ground out 4-3 (Groundball, 34D)
|
Batting: LHB José López
|
0-0: SOLO HOME RUN (Flyball, 7LD), Distance : 331 ft
|
Batting: RHB Henry Weber
|
0-0: Ball 1-0: Foul Ball, location: 2F 1-1: Swinging Strike 1-2: Ball 2-2: Strikes out swinging
|
Top of the 6th over - 1 run(s), 1 hit(s), 1 error(s), 0 left on base; Ft. Polk South 5 - Glendale 2 |
BOTTOM OF THE 6TH |
Glendale Herons batting - Pitching for Ft. Polk South Thunder Hawks : RHP Fernando Peralta
|
Batting: RHB Gilbert Graham
|
0-0: Swinging Strike 0-1: Ball 1-1: Swinging Strike 1-2: Ball 2-2: Ball 3-2: Base on Balls
|
Batting: RHB Héctor Moreno
|
0-0: Ball 1-0: SINGLE (Groundball, 4MD) Gilbert Graham to second Runner from 2nd tries for 3rd, SAFE, no throw or cutoff
|
Batting: RHB José Masaferro
|
0-0: Ball 1-0: Foul Ball, location: 2F 1-1: Foul Ball, location: 2F 1-2: Foul Ball, location: 2F 1-2: SINGLE (Line Drive, 9S) Gilbert Graham scores Héctor Moreno to second
|
Batting: RHB Ángel Ruezga
|
0-0: Bunted foul 0-1: Ball 1-1: Bunted foul 1-2: Ball 2-2: Ball 3-2: Base on Balls Héctor Moreno to third José Masaferro to second
|
Batting: LHB Job Pels
|
0-0: Called Strike 0-1: Foul Ball, location: 2F 0-2: Fly out, F6 (Line Drive, 6)
|
Batting: SHB Wilbert Carter
|
0-0: Called Strike 0-1: Ball 1-1: Ball 2-1: Foul Ball, location: 2F 2-2: Foul Ball, location: 2F 2-2: Foul Ball, location: 2F 2-2: Strikes out swinging
|
Pitching: RHP Marc Graham
|
|
Batting: LHB Manny Rosário
|
0-0: Ball 1-0: Fly out, F5 (Popup, 5DF)
|
Bottom of the 6th over - 1 run(s), 2 hit(s), 0 error(s), 3 left on base; Ft. Polk South 5 - Glendale 3 |
TOP OF THE 7TH |
Ft. Polk South Thunder Hawks batting - Pitching for Glendale Herons : RHP Jesús López
|
Pitching: LHP Dean White
|
|
Batting: SHB Francisco Reyes
|
0-0: Called Strike 0-1: Swinging Strike 0-2: Strikes out swinging
|
Batting: RHB Robbie Chambers
|
0-0: Ground out 6-3 (Groundball, 6)
|
Batting: RHB Darrell Goldstein
|
0-0: Foul Ball, location: 2F 0-1: Ball 1-1: Ball 2-1: Ball 3-1: Base on Balls
|
Batting: SHB Ted Hansen
|
0-0: Ball 1-0: Fielders Choice at 2nd, U6 (Groundball, 6M)
|
Top of the 7th over - 0 run(s), 0 hit(s), 0 error(s), 1 left on base; Ft. Polk South 5 - Glendale 3 |
BOTTOM OF THE 7TH |
Glendale Herons batting - Pitching for Ft. Polk South Thunder Hawks : RHP Marc Graham
|
Batting: RHB José Villegas
|
0-0: Fly out, F2 (Popup, 2LF)
|
Batting: LHB Victor Adams
|
0-0: Called Strike 0-1: Called Strike 0-2: Ball 1-2: Ball 2-2: Fly out, F9 (Flyball, 9S)
|
Batting: RHB Gilbert Graham
|
0-0: Ball 1-0: Called Strike 1-1: Called Strike 1-2: Ball 2-2: SINGLE (Line Drive, 7LS)
|
Batting: RHB Héctor Moreno
|
0-0: Ball Gilbert Graham is caught stealing 2nd base
|
Bottom of the 7th over - 0 run(s), 1 hit(s), 0 error(s), 0 left on base; Ft. Polk South 5 - Glendale 3 |
TOP OF THE 8TH |
Ft. Polk South Thunder Hawks batting - Pitching for Glendale Herons : LHP Dean White
|
Batting: RHB Jack Peck
|
0-0: Ball 1-0: Foul Ball, location: 2F 1-1: Ball 2-1: Ball 3-1: Fly out, F9 (Flyball, 9LD)
|
Batting: RHB Tommy Stanley
|
0-0: Called Strike 0-1: Ball 1-1: Ball 2-1: Ball 3-1: Called Strike 3-2: Base on Balls
|
Batting: SHB Paul Wright
|
0-0: Ball 1-0: Called Strike 1-1: Called Strike 1-2: Strikes out looking
|
Batting: LHB José López
|
0-0: Called Strike 0-1: Ball 1-1: Ball 2-1: Foul Ball, location: 2F 2-2: Fly out, F7 (Line Drive, 7M)
|
Top of the 8th over - 0 run(s), 0 hit(s), 0 error(s), 1 left on base; Ft. Polk South 5 - Glendale 3 |
BOTTOM OF THE 8TH |
Glendale Herons batting - Pitching for Ft. Polk South Thunder Hawks : RHP Marc Graham
|
Batting: RHB Héctor Moreno
|
0-0: Called Strike 0-1: Ball 1-1: Foul Ball, location: 2F 1-2: Strikes out swinging
|
Batting: RHB José Masaferro
|
0-0: Foul Ball, location: 2F 0-1: Ball 1-1: Foul Ball, location: 2F 1-2: Ball 2-2: Foul Ball, location: 2F 2-2: Ball 3-2: Ground out 6-3 (Groundball, 6M)
|
Batting: RHB Ángel Ruezga
|
0-0: Ball 1-0: Foul Ball, location: 2F 1-1: Ball 2-1: SINGLE (Groundball, 4MD)
|
Pitching: LHP Joaquín Soto
|
|
Batting: LHB Job Pels
|
0-0: Called Strike 0-1: Ball Wild Pitch! Ángel Ruezga to second 1-1: Foul Ball, location: 2F 1-2: Strikes out swinging
|
Bottom of the 8th over - 0 run(s), 1 hit(s), 0 error(s), 1 left on base; Ft. Polk South 5 - Glendale 3 |
TOP OF THE 9TH |
Ft. Polk South Thunder Hawks batting - Pitching for Glendale Herons : LHP Dean White
|
Batting: RHB Henry Weber
|
0-0: Foul Ball, location: 2F 0-1: Ball 1-1: Ground out 1-3 (Groundball, 23)
|
Batting: SHB Francisco Reyes
|
0-0: Ball 1-0: Ball 2-0: Ground out 4-3 (Groundball, 4)
|
Batting: RHB Robbie Chambers
|
0-0: Ball 1-0: DOUBLE (Flyball, 8LM)
|
Batting: RHB Darrell Goldstein
|
0-0: Intentional Walk
|
Pitching: RHP Gilberto Ibarra
|
|
Batting: SHB Ted Hansen
|
0-0: 3-RUN HOME RUN (Line Drive, 9D), Distance : 398 ft
|
Batting: RHB Jack Peck
|
0-0: Called Strike 0-1: Swinging Strike 0-2: Ground out 1-3 (Groundball, 13S)
|
Top of the 9th over - 3 run(s), 2 hit(s), 0 error(s), 0 left on base; Ft. Polk South 8 - Glendale 3 |
BOTTOM OF THE 9TH |
Glendale Herons batting - Pitching for Ft. Polk South Thunder Hawks : LHP Joaquín Soto
|
Now at C: Steven Grant
|
|
Now at 1B: Clark Calhoun
|
|
Now in LF: Héctor López
|
|
Batting: SHB Wilbert Carter
|
0-0: Bunt missed! 0-1: Called Strike 0-2: TRIPLE (Flyball, 89M)
|
Batting: LHB Manny Rosário
|
0-0: Ground out 1-3 (Groundball, 15S)
|
Batting: RHB José Villegas
|
0-0: Ball 1-0: Swinging Strike 1-1: Swinging Strike 1-2: Ball 2-2: Ball 3-2: SINGLE (Line Drive, 6MD) Wilbert Carter scores
|
Batting: LHB Victor Adams
|
0-0: Ball 1-0: Called Strike 1-1: Ball 2-1: Ball 3-1: DOUBLE (Flyball, 8LM) José Villegas to third Runner from 3rd tries for Home, SAFE, no throw or cutoff
|
Pitching: RHP Kip Hill
|
|
Batting: RHB Gilbert Graham
|
0-0: DOUBLE (Line Drive, 7LS) Victor Adams scores
|
Pinch Hitting: LHB Sixto Álvarez
|
0-0: Called Strike 0-1: Ball 1-1: Ball 2-1: Ball 3-1: Foul Ball, location: 2F 3-2: Base on Balls
|
Pinch Hitting: LHB Jim Unknown
|
0-0: Fielders Choice at 2nd, 1-6 (Groundball, 15) Gilbert Graham to third
|
Batting: RHB Ángel Ruezga
|
0-0: Ball 1-0: Swinging Strike 1-1: Foul Ball, location: 2F 1-2: Ball 2-2: Foul Ball, location: 2F 2-2: Fly out, F4 (Popup, 4MD)
|
Bottom of the 9th over - 3 run(s), 4 hit(s), 0 error(s), 2 left on base; Ft. Polk South 8 - Glendale 6 |
|